 Dungeon Crawl Stone Soup version 0.23.2-1-ga50397a (webtiles) character file.

Game seed: 9229268996872455535

287 troglodite the Slasher (level 6, -1/48 HPs)
             Began as a Demonspawn Berserker on May 21, 2019.
             Was a Priest of Trog.
             Killed by divine providence
             ... invoked by an orc priest
              (11 damage)
             ... on level 4 of the Dungeon.
             The game lasted 00:10:41 (3349 turns).

troglodite the Slasher (Demonspawn Berserker)       Turns: 3349, Time: 00:10:43

Health: -1/48      AC: 11    Str: 18    XL:     6   Next: 8%
Magic:  6/6        EV:  8    Int:  8    God:    Trog [***...]
Gold:   127        SH:  0    Dex: 14    Spells: 5/5 levels left

rFire    . . .     SeeInvis .   a - +0 falchion
rCold    . . .     Gourm    .   (no shield)
rNeg     . . .     Faith    .   l - +0 chain mail
rPois    .         Spirit   .   (helmet restricted)
rElec    .         Reflect  .   (no cloak)
rCorr    .         Harm     .   (no gloves)
MR       ++...                  (no boots)
Stlth    ..........             (no amulet)
HPRegen  1.16/turn              d - ring of flight
MPRegen  0.10/turn              (no ring)

@: lethally poisoned (-1 -> -1), berserk cooldown, regenerating, slowed, very
slow
A: horns 1, molten scales 1
a: Berserk, Trog's Hand, Renounce Religion, Evoke Flight


You were on level 4 of the Dungeon.
You worshipped Trog.
Trog was most pleased with you.
You were hungry.

You visited 1 branch of the dungeon, and saw 4 of its levels.

You collected 127 gold pieces.

Inventory:

Hand Weapons
 a - a +0 falchion (weapon)
Armour
 l - a +0 chain mail (worn)
Jewellery
 d - a ring of flight (left hand)
Wands
 q - a wand of scattershot (6)
 w - a wand of acid (7)
Scrolls
 f - 3 scrolls of remove curse {unknown}
 j - 2 scrolls of immolation {unknown}
 k - a scroll of teleportation {unknown}
 o - a scroll of fear {unknown}
 p - 2 scrolls of noise {unknown}
 r - 2 scrolls of identify {unknown}
 u - a scroll of magic mapping {unknown}
 v - a scroll of amnesia {unknown}
Potions
 b - 2 potions of might {unknown}
 e - 2 potions of curing {unknown}
 g - a potion of ambrosia {unknown}
 h - a potion of lignification {unknown}
 i - 2 potions of degeneration {unknown}
 m - a potion of agility {unknown}
 n - a potion of cancellation {unknown}
 t - 2 potions of haste {unknown}
Comestibles
 c - 4 rations


   Skills:
 * Level 4.2 Fighting
 * Level 4.5 Long Blades
 * Level 3.2 Armour
 * Level 2.5 Dodging


You had 5 spell levels left.
You didn't know any spells.
Your spell library was empty.

Dungeon Overview and Level Annotations

Branches:
Dungeon (4/15)
 Temple: D:4-7

Altars:

Shops:
D:4 (


Innate Abilities, Weirdness & Mutations

You have a pair of small horns on your head.
You are partially covered in molten scales. (AC +2)


Message History

The orc barely misses you.
You feel sick.
You feel sick.
The kobold shoots a poisoned needle.
The poisoned needle closely misses you. The worm completely misses you.
You riposte.
You slash the worm!
The worm is heavily wounded.
The orc barely misses you.
* * * LOW HITPOINT WARNING * * *
You feel sick.
* * * LOW HITPOINT WARNING * * *
You feel sick.
* * * LOW HITPOINT WARNING * * *
You feel sick. The frilled lizard barely misses you.
Your skin crawls.
You feel resistant to hostile enchantments.
You feel somewhat more hungry.
You feel sick. The orc hits you but does no damage.
The orc priest mumbles some strange prayers to Beogh against you.
Beogh smites you!
You die...

### ####..## ..# ##...#.##
###.# #..###..## #...#
##.......#### ... ...#
##8.8.8...##. .. #..#
##..⌠.⌠....... #.# #..#
#..8.∩.8#.....
#..###(w####.#.⌠.⌠.#...## ..#
#..##ol@....#8.8.8....##
...####..#oO#####.#..#.......#
......##.oK## #...###.......
.........K.# #<........##..
........†.# #.........##..
##.......# #......(...##.
##....†(†#### )....##.....#.
#..........K# ....##........
....#......##.......##..####..


You could see an ogre, a worm, an orc priest, 2 orcs, 2 kobolds and a frilled
lizard.

Vanquished Creatures
  A howler monkey (D:4)
  2 worker ants (D:4)
  An orc wizard (D:3)
  4 gnolls (D:3)
  3 adders
  2 worms (D:2)
  3 leopard geckos
  13 orcs
  8 bats
  3 giant cockroaches
  10 goblins
  8 hobgoblins
  8 jackals
  A quokka (D:3)
  3 ball pythons (D:1)
  3 frilled lizards
  6 kobolds
  A leopard gecko skeleton (D:4)
  11 rats
91 creatures vanquished.

Notes
Turn   | Place    | Note
-------+----------+-------------------------------------------
     0 | D:1      | troglodite the Demonspawn Berserker began the quest for the
                  | Orb.
     0 | D:1      | Reached XP level 1. HP: 18/18 MP: 1/1
   225 | D:1      | Gained mutation: You have a pair of small horns on your
                  | head. [demonic ancestry]
   225 | D:1      | Reached XP level 2. HP: 19/24 MP: 2/2
   464 | D:1      | Gained mutation: You are partially covered in molten
                  | scales. (AC +2) [demonic ancestry]
   464 | D:1      | Reached XP level 3. HP: 29/29 MP: 3/3
   778 | D:2      | Reached ** piety under Trog
  1932 | D:3      | Reached XP level 4. HP: 37/37 MP: 4/4
  2568 | D:3      | Reached XP level 5. HP: 42/42 MP: 5/5
  3242 | D:4      | Found Fus Sois's Antique Weapon Boutique.
  3253 | D:4      | Reached *** piety under Trog
  3334 | D:4      | Reached XP level 6. HP: 43/48 MP: 6/6
  3349 | D:4      | Killed from afar by an orc priest

Skill      XL: |  1  2  3  4  5 |
---------------+----------------+-----
Long Blades    | 3 4 |  4.5
Armour         | 2 3 |  3.2
Dodging        | 2 |  2.5
Fighting       | 4 |  4.2

Action                   |  1- 3 |  4- 6 || total
-------------------------+-------+-------++-------
Melee: Falchion          |   100 |   128 ||   228
       Headbutt          |    19 |    30 ||    49
Invok: Berserk           |     1 |     4 ||     5
       Trog's Hand       |       |     2 ||     2
  Eat: Chunk             |     3 |     9 ||    12
Armor: Ring mail         |    16 |       ||    16
       Animal skin       |     1 |       ||     1
       Chain mail        |    30 |    95 ||   125
Dodge: Dodged            |    45 |    68 ||   113
       Rpst.: Falchion   |    12 |    26 ||    38
